 Dungeon Crawl Stone Soup version 0.27-a0-1149-g4505690ab0 (webtiles) character file.

Game seed: 5808244686822607040

2249 Froggeryz the Basher (level 9, -1/67 HPs)
             Began as a Palentonga Berserker on May 13, 2021.
             Was a Priest of Trog.
             Slain by an eight-headed hydra (2 damage)
             ... on level 6 of the Dungeon.
             The game lasted 00:06:27 (7501 turns).

Froggeryz the Basher (Palentonga Berserker)         Turns: 7501, Time: 00:06:28

Health: -1/67      AC: 22    Str: 24    XL:     9   Next: 15%
Magic:  9/9        EV:  7    Int:  8    God:    Trog [***...]
Gold:   312        SH:  5    Dex:  9    Spells: 8/8 levels left

rFire    . . .     SeeInvis +   a - +1 mace (chaos)
rCold    + + .     Faith    .   (no shield)
rNeg     . . .     Spirit   .   m - +2 ring mail {rC+}
rPois    .         Reflect  +   (no helmet)
rElec    .         Harm     .   g - +0 cloak
rCorr    +         Rampage  .   (no gloves)
Will     +....                  p - +2 barding {Stlth+}
Stlth    +.........             l - amulet of reflection
HPRegen  0.21/turn              q - ring "Gimnul" {rC+ Will+ rCorr Slay+2}
MPRegen  0.11/turn              (no ring)

@: curled up
A: large, rugged brown scales 3, see invisible, deformed body, roll 1, armoured
tail, reflexive curl
a: Rolling Charge, Renounce Religion, Berserk, Trog's Hand


You were on level 6 of the Dungeon.
You worshipped Trog.
Trog was most pleased with you.
You visited 1 branch of the dungeon, and saw 7 of its levels.

You collected 312 gold pieces.

Inventory:

Hand Weapons
 a - a +1 mace of chaos (weapon)
Missiles
 i - 2 javelins
Armour
 g - a +0 cloak (worn)
 m - a +2 ring mail of cold resistance (worn)
 p - a +2 barding of stealth (worn)
Jewellery
 h - a +6 ring of strength
 l - an amulet of reflection (around neck)
 o - a ring of positive energy
 q - the ring "Gimnul" (left hand) {rC+ Will+ rCorr Slay+2}
   (You found it on level 6 of the Dungeon)

   [ring of protection from cold]

   It affects your accuracy and damage with ranged weapons and melee attacks
   (+2).
   It protects you from cold.
   It protects you from acid and corrosion.
   It increases your willpower.
 s - an amulet of guardian spirit
Wands
 t - a wand of charming (6)
Scrolls
 f - 2 scrolls of immolation
 k - 3 scrolls of enchant weapon
 u - a scroll of fear {unknown}
 y - a scroll of magic mapping
Potions
 b - 5 potions of curing
 c - 4 potions of lignification
 d - a potion of ambrosia {unknown}
 e - a potion of haste {unknown}
 j - a potion of flight {unknown}
 n - a potion of heal wounds
 r - a potion of attraction {unknown}
 v - a potion of brilliance {unknown}
 w - a potion of might {unknown}


   Skills:
 - Level 3.0 Fighting
 * Level 12.2 Maces & Flails
 - Level 1.5 Armour
 - Level 1.5 Dodging


You had 8 spell levels left.
You didn't know any spells.
Your spell library was empty.

Dungeon Overview and Level Annotations

Branches:
Dungeon (7/15)             Temple (0/1) D:4

Altars:
Cheibriados
Dithmenos
Kikubaaqudgha
Nemelex Xobeh
Qazlal
Wu Jian
Xom
Zin
The Shining One

Annotations:
D:7 2 transporters, Morbidden's ghost, novice VSBr


Innate Abilities, Weirdness & Mutations

You are completely covered in rugged brown scales. (AC +3, +7% HP)
You have supernaturally acute eyesight. (SInv)
Armour fits poorly on your strangely shaped body.
You can roll at nearby foes to attack.
You have a long armoured tail.
You curl defensively after being hit.


Message History

You block the eight-headed hydra's attack.
The eight-headed hydra barely misses you.
The eight-headed hydra bites you.
* * * LOW HITPOINT WARNING * * *
The eight-headed hydra bites you but does no damage. x2
Unknown command.
Unknown command.
You feel much better.
You block the eight-headed hydra's attack. x2
The eight-headed hydra bites you!
The eight-headed hydra bites you but does no damage.
The eight-headed hydra bites you.
The eight-headed hydra bites you but does no damage.
The eight-headed hydra bites you.
The eight-headed hydra bites you but does no damage.
Unknown command.
Unknown command.
Your black bear barely misses the eight-headed hydra.
Your black bear claws the eight-headed hydra!
Your black bear claws the eight-headed hydra.
The eight-headed hydra bites you but does no damage.
The eight-headed hydra bites you!
* * * LOW HITPOINT WARNING * * *
The eight-headed hydra bites you.
* * * LOW HITPOINT WARNING * * *
You block the eight-headed hydra's attack.
The eight-headed hydra bites you but does no damage.
The eight-headed hydra bites you.
* * * LOW HITPOINT WARNING * * *
The eight-headed hydra bites you.
* * * LOW HITPOINT WARNING * * *
The eight-headed hydra bites you but does no damage.
Your black bear bites the eight-headed hydra.
Your black bear closely misses the eight-headed hydra.
Your black bear claws the eight-headed hydra.
Your black bear bites the eight-headed hydra.
Your black bear claws the eight-headed hydra.
Your black bear barely misses the eight-headed hydra.
The eight-headed hydra bites you.
You die...

.........# #....#.#
.........# #.#.##.##
.........# #.#.....#
.........### #.#######
...........####### #.#
#######..........# #.#
#######...(......# #.#
.......÷..>....hD# #)#
##.####≈≈≈≈≈≈≈≈≈@# #)#
##.# #≈##≈≈≈##≈.# #)#
...# #≈#######≈.# #.#
...####≈≈#...#≈≈## #.#
.......≈≈#...#≈≈#######.#
.......≈≈#[))#≈≈<.......#
.......≈###'###≈#########
.......≈##≈.≈##≈#
##.....≈≈≈≈.≈≈≈≈#


You could see an eight-headed hydra (ally target) and a friendly black bear
(summoned, berserk).

Vanquished Creatures
  Sigmund (D:6)
  A wraith (D:7)
  2 water moccasins (D:6)
  3 black bears
  An orc warrior (D:6)
  An ice beast (D:2)
  2 necrophages (D:5)
  An ogre (D:4)
  2 centaurs
  A bullfrog (D:6)
  3 scorpions
  A water moccasin zombie (D:6)
  A centaur zombie (D:7)
  2 hounds
  A jelly (D:7)
  An iguana (D:5)
  Jessica (D:3)
  6 orc wizards
  A scorpion zombie (D:5)
  A howler monkey skeleton (D:4)
  7 adders
  An adder skeleton (D:4)
  2 dart slugs (D:1)
  18 orcs
  An endoplasm (D:1)
  6 giant cockroaches
  4 goblins
  11 hobgoblins
  17 jackals
  5 quokkas
  9 ball pythons
  7 bats
  2 frilled lizards (D:1)
  13 kobolds
  5 rats
141 creatures vanquished.

Vanquished Creatures (others)
  An orc wizard (D:6)
  8 plants (D:1)
9 creatures vanquished.

Grand Total: 150 creatures vanquished

Notes
Turn   | Place    | Note
-------+----------+-------------------------------------------
     0 | D:1      | Froggeryz the Palentonga Berserker began the quest for the
                  | Orb.
     0 | D:1      | Reached XP level 1. HP: 19/19 MP: 1/1
    58 | D:1      | Reached XP level 2. HP: 15/25 MP: 2/2
   352 | D:1      | Found a faded altar of an unknown god.
   513 | D:1      | Reached skill level 4 in Maces & Flails
   624 | D:1      | Reached XP level 3. HP: 11/31 MP: 3/3
   624 | D:1      | Reached ** piety under Trog
  1747 | D:2      | Reached XP level 4. HP: 33/37 MP: 4/4
  1905 | D:2      | Reached skill level 5 in Maces & Flails
  2075 | D:2      | Noticed an ice beast
  2083 | D:2      | Killed an ice beast
  2084 | D:2      | Reached skill level 6 in Maces & Flails
  2084 | D:2      | Reached XP level 5. HP: 37/43 MP: 5/5
  2368 | D:3      | Noticed Jessica
  2376 | D:3      | Killed Jessica
  2488 | D:3      | Noticed a centaur
  2498 | D:3      | Killed a centaur
  2499 | D:3      | Reached XP level 6. HP: 18/50 MP: 6/6
  2926 | D:3      | Reached skill level 7 in Maces & Flails
  3118 | D:3      | Found an ancient bone altar of Kikubaaqudgha.
  3118 | D:3      | Found a shadowy altar of Dithmenos.
  3119 | D:3      | Found a shimmering altar of Xom.
  3121 | D:3      | Found an ornate altar of the Wu Jian Council.
  3135 | D:3      | Reached *** piety under Trog
  3160 | D:3      | Found a glowing golden altar of the Shining One.
  3443 | D:4      | Found a stormy altar of Qazlal.
  4122 | D:4      | Identified the +2 leather armour "Neirphije" {-Cast Dex+5
                  | SInv}
  4142 | D:4      | Found a staircase to the Ecumenical Temple.
  4268 | D:4      | Found a sparkling altar of Nemelex Xobeh.
  4391 | D:4      | Reached skill level 8 in Maces & Flails
  4391 | D:4      | Gained mutation: You curl defensively after being hit.
                  | [Palentonga growth]
  4391 | D:4      | Reached XP level 7. HP: 7/55 MP: 7/7
  4788 | D:5      | Entered Level 5 of the Dungeon
  5102 | D:5      | Found a glowing silver altar of Zin.
  5102 | D:5      | Noticed an angel
  5121 | D:5      | Reached skill level 9 in Maces & Flails
  5693 | D:5      | Reached XP level 8. HP: 56/62 MP: 8/8
  5941 | D:5      | Reached skill level 10 in Maces & Flails
  6078 | D:6      | Identified the ring "Gimnul" {rC+ Will+ rCorr Slay+2}
  6089 | D:6      | Found a snail-covered altar of Cheibriados.
  6161 | D:6      | Identified a scroll of acquirement
  6161 | D:6      | Acquired a +2 barding of stealth
  6297 | D:6      | Noticed Sigmund
  6312 | D:6      | Killed Sigmund
  6390 | D:6      | Reached skill level 11 in Maces & Flails
  6865 | D:6      | Reached **** piety under Trog
  6934 | D:7      | Noticed a hornet
  7053 | D:7      | Reached skill level 12 in Maces & Flails
  7053 | D:7      | Reached XP level 9. HP: 67/67 MP: 9/9
  7380 | D:7      | Found a transporter.
  7384 | D:7      | Found a transporter.
  7384 | D:7      | Noticed Morbidden's ghost (novice VSBr)
  7439 | D:7      | Noticed an eight-headed hydra
  7500 | D:6      | HP: 1/67 [eight-headed hydra (5)]
  7501 | D:6      | Slain by an eight-headed hydra

Illustrated notes

Levels and vault maps discovered:
D:1:      saegor_arrival_simple_a, layout_basic, serial_bayou,
          serial_bayou_pond_b, serial_bayou_shore_a, serial_bayou_pond_e,
          serial_bayou_pond_a, ebering_ecumenical_altar_mist,
          amcnicky_mini_corridor_feature, nrook_mini_vaults, minmay_tetromino_l2
D:2:      minmay_door_path, layout_rooms, grunt_ministairs_14
D:3:      layout_loops_ring, lemuel_round_altar, grunt_temple_overflow_open,
          uniq_jessica
D:4:      layout_basic, kennysheep_little_box, nemelex_diamond_rough_becter,
          minmay_temple_entry_antechambers, minmay_misc_feat_enclosed
D:5:      layout_basic, zin_angel
D:6:      layout_basic, cheibriados_altar_1, lightli_minifort, uniq_sigmund
D:7:      layout_basic, gammafunk_ghost_hive

Skill      XL: |  1  2  3  4  5  6  7  8 |
---------------+-------------------------+-----
Maces & Flails | 4 6 8 9 12 | 12.2
Fighting       | |  3.0
Armour         | |  1.5
Dodging        | |  1.5

Action                   |  1- 3 |  4- 6 |  7- 9 || total
-------------------------+-------+-------+-------++-------
Melee: Mace              |   148 |   148 |   148 ||   444
       Tailslap          |    15 |    13 |    23 ||    51
Invok: Berserk           |     2 |     3 |     2 ||     7
       Trog's Hand       |       |       |     1 ||     1
       Brothers in Arms  |       |       |     1 ||     1
  Use: Scroll            |       |     8 |     5 ||    13
       Potion            |       |       |     3 ||     3
 Stab: Sleeping          |     1 |       |     1 ||     2
       Paralysed         |       |       |     2 ||     2
Armor: Animal skin       |    92 |    17 |       ||   109
       Ring mail         |       |    36 |    87 ||   123
Dodge: Dodged            |   115 |    72 |    47 ||   234
Block: Other             |       |    24 |    31 ||    55
       Reflection        |       |     2 |       ||     2

Table legend: (Time is in decaauts)
 A = Elapsed time spent in this place.
 B = Non-inter-level travel time spent in this place.
 C = Inter-level travel time spent in this place.
 D = Time resting spent in this place.
 E = Time spent auto-exploring this place.
 F = Levels seen in this place.
 G = Mean time per level.
                   A        B        C        D        E       F      G
               +--------+--------+--------+--------+--------+-----+--------+
         Total |   7605 |   7467 |    138 |   1254 |   5209 |   7 | 1086.4 |
       Dungeon |   7605 |   7467 |    138 |   1254 |   5209 |   7 | 1086.4 |
               +--------+--------+--------+--------+--------+-----+--------+

Top non-repeatable levels by time:
     D:1: 1606 daAuts
     D:4: 1515 daAuts
     D:5: 1254 daAuts
     D:2: 1031 daAuts
     D:6: 866 daAuts
     D:3: 777 daAuts
     D:7: 553 daAuts
